 Dungeon Crawl Stone Soup version 0.30-b1-2-g02819fbbbe (webtiles) character file.

Game seed: 16173204952880767987

4 redmage the Digger (level 1, -2/14 HPs)
             Began as a Meteoran Earth Elementalist on Aug 7, 2023.
             Slain by a hobgoblin (3 damage)
             ... on level 1 of the Dungeon.
             The game lasted 00:00:45 (49 turns).

redmage the Digger (Meteoran Earth Elementalist)      Turns: 49, Time: 00:00:45

Health: -2/14      AC:  2    Str:  9    XL:     1   Next: 85%
Magic:  0/5        EV: 12    Int: 16    God:
Gold:   0          SH:  0    Dex: 14    Spells: 4/5 levels left

rFire   . . .        (no weapon)
rCold   . . .        (no shield)
rNeg    . . .        a - +0 robe
rPois   .            (no helmet)
rElec   .            (no cloak)
rCorr   .            (no gloves)
SInv    .            (no boots)
Will    .....        (no amulet)
Stlth   +            (no ring)
HPRegen 0.22/turn    (no ring)
MPRegen 0.09/turn

%: no passive effects
@: glowing
A: sense surroundings 1, otherworldly, glowing, explore regen
a: no special abilities


You were on level 1 of the Dungeon.
You visited 1 branch of the dungeon, and saw 1 of its levels.

Inventory:

Armour
 a - a +0 robe (worn)
Potions
 b - a potion of magic


   Skills:
 - Level 2.4 Dodging
 - Level 1.4 Stealth
 + Level 2.9 Spellcasting
 - Level 1.2 Transmutations
 + Level 3.8 Earth Magic


You had 4 spell levels left.
You knew the following spells:

 Your Spells              Type           Power      Damage    Failure   Level
a - Sandblast             Erth           28%        2d8       4%          1

Your spell library contained the following spells:

 Spells                   Type           Power      Damage    Failure   Level
 Passwall                 Tmut/Erth      8%         N/A       10%         2
 Stone Arrow              Conj/Erth      16%        3d8       26%         3
 Petrify                  Tmut/Erth      10%        N/A       54%         4


Dungeon Overview and Level Annotations

Branches:
Dungeon (1/15) Zot: 547

Altars:


Innate Abilities, Weirdness & Mutations

You passively map a small area around you.
You are easily found by Zot.
You glow in the dark.
You regain HP and MP as you explore.


Message History

The jackal bites you but does no damage.
The jackal bites you.
Unknown command.
Unknown command.
Casting: Sandblast (safe; 4% risk of failure)
Confirm with . or Enter, or press ? or * to list all spells.
Aiming: Sandblast (safe; 4% risk of failure)
Press: ? - help, Shift-Dir - straight line, f/p - jackal
Aim: a jackal (77% to hit)
The blast of sand hits the jackal.
The jackal is almost dead.
The jackal barely misses you.
The jackal bites you but does no damage.
You closely miss the jackal.
The jackal is almost dead.
The jackal completely misses you.
Casting: Sandblast (safe; 4% risk of failure)
Confirm with . or Enter, or press ? or * to list all spells.
Aiming: Sandblast (safe; 4% risk of failure)
Press: ? - help, Shift-Dir - straight line, f/p - jackal
Aim: a jackal (severely wounded, 77% to hit)
The blast of sand hits the jackal.
The jackal is almost dead.
The jackal bites you but does no damage. x2
Unknown command.
You hit the jackal.
You kill the jackal!
You barely miss the hobgoblin. The hobgoblin hits you.
You hit the hobgoblin but do no damage. The hobgoblin hits you.
* * * LOW HITPOINT WARNING * * *
You barely miss the hobgoblin. The hobgoblin completely misses you.
Unknown command.
You hit the hobgoblin but do no damage. The hobgoblin barely misses you.
You barely miss the hobgoblin. The hobgoblin hits you.
* * * LOW HITPOINT WARNING * * *
You closely miss the hobgoblin. The hobgoblin misses you.
You hit the hobgoblin.
The hobgoblin is heavily wounded.
The hobgoblin hits you.
You die...

* .#.# * * ...
* * , * ,
*#.., * * * ,
###.###.# ## ,
,
........###..#
* * #....# , *
##.#..g# , ,
###g###.# *, *
#e#@#T# *, ,
###.### , , ,*
* #T#.#T# * *
* , , ###.###
* , #f#.#d# ,
* ###.### ,
,#x#.#9#
###.### , ,,
*#6#.#i#,,*


You could see a troll, an elf and a hobgoblin.

Vanquished Creatures
  3 jackals (D:1)
3 creatures vanquished.

Notes
Turn   | Place    | Note
-------+----------+-------------------------------------------
     0 | D:1      | redmage the Meteoran Earth Elementalist began the quest for
                  | the Orb.
     0 | D:1      | Reached XP level 1. HP: 14/14 MP: 5/5
     2 | D:1      | Noticed a human
     4 | D:1      | Noticed a vampire
     4 | D:1      | Noticed a minotaur
     6 | D:1      | Noticed a merfolk
     6 | D:1      | Noticed a formicid
     8 | D:1      | Noticed a meteoran
     8 | D:1      | Noticed a naga
    10 | D:1      | Noticed a tengu
    10 | D:1      | Noticed an armataur
    12 | D:1      | Noticed a felid
    12 | D:1      | Noticed a ghoul
    14 | D:1      | Noticed an elf
    14 | D:1      | Noticed an ogre
    16 | D:1      | Noticed a demigod
    18 | D:1      | Noticed a demonspawn
    18 | D:1      | Noticed a spriggan
    20 | D:1      | Noticed an octopode
    20 | D:1      | Noticed a gargoyle
    22 | D:1      | Noticed a vine stalker
    22 | D:1      | Noticed a draconian
    24 | D:1      | Noticed a troll
    24 | D:1      | Noticed a troll
    26 | D:1      | Noticed an elf
    26 | D:1      | Noticed a troll
    49 | D:1      | Slain by a hobgoblin

Illustrated notes

Levels and vault maps discovered:
D:1:      kb_arrival_jail, layout_rooms

Action                     || total
---------------------------++-------
  Melee: Unarmed           ||     9
   Cast: Sandblast         ||     6
 Armour: Robe              ||     4
  Dodge: Dodged            ||     8
